 Dungeon Crawl Stone Soup version 0.20.1-1-g8b1a95d (webtiles) character file.

1881 homeworkjunkie the Cleaver (level 9, -1/78 HPs)
             Began as a Hill Orc Fighter on Nov 13, 2017.
             Slain by Gremour's ghost (7 damage)
             ... on level 6 of the Dungeon.
             The game lasted 00:08:14 (5044 turns).

homeworkjunkie the Cleaver (Hill Orc Fighter)       Turns: 5044, Time: 00:08:15

Health: -1/78      AC: 13    Str: 21    XL:     9   Next: 14%
Magic:  11/11      EV:  6    Int:  8    God:
Gold:   192        SH:  0    Dex: 11    Spells: 8/8 levels left

rFire    . . .     SeeInvis .   a - +1 war axe
rCold    . . .     Gourm    .   c - +0 shield
rNeg     . . .     Faith    .   r - +0 chain mail
rPois    .         Spirit   .   n - +1 helmet
rElec    .         Reflect  .   (no cloak)
rCorr    .         Harm     .   j - +0 pair of gloves
MR       .....                  (no boots)
Stlth    ..........             (no amulet)
Regen    0.3/turn               (no ring)
MPRegen  0.2/turn               (no ring)

@: confused, lethally poisoned (-1 -> -2)
A: no striking features
a: no special abilities


You were on level 6 of the Dungeon.
You were not hungry.

You visited 1 branch of the dungeon, and saw 6 of its levels.

You collected 192 gold pieces.

Inventory:

Hand Weapons
 a - a +1 war axe (weapon)
Missiles
 o - 6 exploding tomahawks (quivered)
Armour
 c - a +0 shield (worn)
 j - a +0 pair of gloves (worn)
 n - a +1 helmet (worn)
 r - a +0 chain mail (worn)
Wands
 d - a wand of disintegration (0/24)
 e - a wand of polymorph (11/24)
 k - a wand of acid (4/15)
Scrolls
 b - a scroll of magic mapping
 g - 3 scrolls of teleportation
 l - 2 scrolls of fog
Potions
 h - 2 potions of curing {unknown}
 i - 3 potions of mutation {unknown}
 m - a potion of lignification {unknown}
 p - a potion of agility {unknown}
Comestibles
 q - 2 meat rations
 s - a bread ration


   Skills:
 * Level 6.4 Fighting
 * Level 10.0 Axes
 + Level 0.3 Throwing
 * Level 5.9 Armour
 + Level 1.0 Dodging
 + Level 0.1 Stealth
 * Level 6.0 Shields
 * Level 3.4 Evocations


You had 8 spell levels left.
You didn't know any spells.

Dungeon Overview and Level Annotations

Branches:
Dungeon (6/15)
 Temple: D:4-7

Altars:
Hepliaklqana

Shops:
D:5 [

Annotations:
D:6 Gremour's ghost, novice GrFi


Message History

Found a royal jelly.
You slash Gremour's ghost!
Gremour's ghost is moderately damaged.
Gremour's ghost hits you!!
You hit Gremour's ghost.
Gremour's ghost is moderately damaged.
You feel sick. Gremour's ghost hits you!!
* * * LOW HITPOINT WARNING * * *
You closely miss Gremour's ghost.
Gremour's ghost is moderately damaged.
Gremour's ghost hits you!
* * * LOW HITPOINT WARNING * * *
* * * LOW HITPOINT WARNING * * *
You feel sick.
Gremour's ghost says, "You must not succeed where I failed!"
Things that are here:
an arrow; a quarterstaff; a gnoll corpse You are confused.
You feel invigorated. Gremour's ghost hits you!
You die...

.. .### ...##
#..#
..#####.#####.##
/.....).<.......
#..####.####..##
###.# #))# #
%...).###@##..#
......YcW....#
#.....#.#.####
.#... #.#.#
......#. ..#.#
..... # #...#.#
#...## ....#.#
..#..#....#..
#....#......


You could see an ice beast, a centaur and Gremour's ghost.

Vanquished Creatures
  Grinder (D:3)
  Sigmund (D:2)
  Eustachio (D:5)
  Menkaure (D:4)
  Edmund (D:5)
  Duvessa (D:4)
  A necrophage (D:3)
  An ogre (D:5)
  A gnoll sergeant (D:6)
  Dowan (D:4)
  A howler monkey (D:5)
  3 hounds
  4 orc priests
  3 orc wizards
  Terence (D:3)
  4 worker ants
  Ijyb (D:3)
  Robin (D:4)
  4 gnolls (D:6)
  13 adders
  2 oozes
  An adder skeleton (D:4)
  2 worms
  3 dart slugs
  6 leopard geckos
  22 orcs
  6 giant cockroaches
  17 goblins
  10 hobgoblins
  4 kobolds (D:2)
  6 bats
  6 frilled lizards
  7 rats
137 creatures vanquished.

Notes
Turn   | Place    | Note
-------+----------+-------------------------------------------
     0 | D:1      | homeworkjunkie the Hill Orc Fighter began the quest for the Orb.
     0 | D:1      | Reached XP level 1. HP: 19/19 MP: 1/1
    29 | D:2      | Reached XP level 2. HP: 16/27 MP: 2/2
   283 | D:2      | Reached skill level 3 in Axes
   304 | D:2      | Noticed Sigmund
   312 | D:2      | Killed Sigmund
   312 | D:2      | Reached skill level 4 in Axes
   312 | D:2      | Reached XP level 3. HP: 6/35 MP: 3/3
   312 | D:2      | Reached XP level 4. HP: 7/41 MP: 4/4
   312 | D:2      | Reached XP level 5. HP: 9/47 MP: 5/5
   605 | D:3      | Noticed Terence
  1124 | D:1      | Reached XP level 6. HP: 51/55 MP: 6/6
  1703 | D:2      | You fall through a shaft for 2 floors!
  1732 | D:4      | Reached skill level 5 in Fighting
  1820 | D:4      | Noticed Robin
  1828 | D:4      | Killed Robin
  1828 | D:4      | Reached skill level 5 in Axes
  2136 | D:4      | Noticed Menkaure
  2142 | D:4      | Killed Menkaure
  2142 | D:4      | Reached XP level 7. HP: 23/61 MP: 7/7
  2172 | D:4      | Reached skill level 1 in Evocations
  2586 | D:4      | Reached skill level 6 in Axes
  2717 | D:5      | Entered Level 5 of the Dungeon
  2765 | D:3      | Reached skill level 5 in Armour
  3000 | D:3      | Killed Terence
  3083 | D:3      | Noticed Ijyb
  3090 | D:3      | Killed Ijyb
  3145 | D:3      | Reached skill level 5 in Shields
  3183 | D:3      | Noticed Grinder
  3191 | D:3      | Paralysed by Grinder for 6 turns
  3214 | D:3      | Killed Grinder
  3214 | D:3      | Reached skill level 7 in Axes
  3214 | D:3      | Reached skill level 1 in Dodging
  3214 | D:3      | Reached XP level 8. HP: 21/70 MP: 9/9
  3780 | D:4      | Noticed Duvessa
  3780 | D:4      | Noticed Dowan
  3791 | D:4      | Killed Duvessa
  3800 | D:4      | Killed Dowan
  3800 | D:4      | Reached skill level 8 in Axes
  3900 | D:3      | Found a hazy altar of Hepliaklqana.
  4473 | D:5      | Noticed Eustachio
  4478 | D:5      | Noticed Edmund
  4479 | D:5      | Killed Eustachio
  4484 | D:5      | Killed Edmund
  4484 | D:5      | Reached skill level 9 in Axes
  4669 | D:5      | Reached XP level 9. HP: 68/75 MP: 11/11
  4775 | D:5      | Found Waunk's Antique Armour Emporium.
  5028 | D:6      | Reached skill level 10 in Axes
  5034 | D:6      | Noticed Gremour's ghost (novice GrFi)
  5041 | D:6      | HP: 2/78 [Gremour's ghost (13)]
  5044 | D:6      | Slain by Gremour's ghost

Skill      XL: |  1  2  3  4  5  6  7  8  9 |
---------------+----------------------------+-----
Axes           | 4 5 7 9 10 | 10.0
Fighting       | 4 5 6 |  6.4
Armour         | 4 5 |  5.9
Shields        | 4 5 6 |  6.0
Evocations     | 2 3 |  3.4
Dodging        | 1 |  1.0
Throwing       | |  0.3
Stealth        | |  0.1

Action                   |  1- 3 |  4- 6 |  7- 9 || total
-------------------------+-------+-------+-------++-------
Melee: War axe           |    31 |   119 |   281 ||   431
Throw: Tomahawk          |       |       |     2 ||     2
Evoke: Wand              |       |       |    10 ||    10
  Use: Scroll            |     2 |     4 |     4 ||    10
       Potion            |     1 |       |     3 ||     4
  Eat: Bread ration      |       |     1 |     1 ||     2
       Royal jelly       |       |       |     1 ||     1
       Meat ration       |       |       |     1 ||     1
Armor: Scale mail        |     9 |    46 |    32 ||    87
       Chain mail        |       |       |    98 ||    98
Dodge: Dodged            |     9 |    33 |    61 ||   103
Block: Shield            |    16 |    72 |   132 ||   220
